 Dungeon Crawl Stone Soup version 0.26.1-11-gd32895ea62 (webtiles) character file.

Game seed: 6046163942532301947

827 buriedalive the Frost Mage (level 7, -17/36 HPs)
             Began as a Deep Elf Ice Elementalist on June 12, 2021.
             Was a Believer of Ashenzari.
             Killed from afar by Maggie (33 damage)
             ... with a bolt of fire
             ... on level 6 of the Dungeon.
             The game lasted 00:11:55 (7113 turns).

buriedalive the Frost Mage (DEIE)                   Turns: 7113, Time: 00:11:55

Health: -17/36     AC:  7    Str:  5    XL:     7   Next: 64%
Magic:  8/13       EV: 18    Int: 22    God:    Ashenzari [**....]
Gold:   255        SH:  0    Dex: 15    Spells: 5/12 levels left

rFire    . . .     SeeInvis .   g - +1 dagger (venom) (curse)
rCold    . . .     Faith    .   (no shield)
rNeg     . . .     Spirit   .   a - +0 robe
rPois    .         Reflect  .   m - +1 helmet (curse)
rElec    .         Harm     .   o - +0 cloak (curse)
rCorr    .         Rampage  .   D - +1 pair of gloves (curse)
Will     .....                  (no boots)
Stlth    ++........             e - amulet of regeneration
HPRegen  0.52/turn              (no ring)
MPRegen  0.13/turn              (no ring)

@: frozen ramparts
A: no striking features
a: Renounce Religion, Curse Item, Scrying


You were on level 6 of the Dungeon.
You worshipped Ashenzari.
Ashenzari was pleased with you.
You visited 1 branch of the dungeon, and saw 6 of its levels.

You collected 255 gold pieces.

Inventory:

Hand Weapons
 g - a cursed +1 dagger of venom (weapon)
 v - a +2 dagger of flaming
Missiles
 b - 222 stones
 q - 4 curare-tipped darts
 y - 25 poisoned darts (quivered)
 B - 4 datura-tipped darts
Armour
 a - a +0 robe (worn)
 m - a cursed +1 helmet (worn)
 o - a cursed +0 cloak (worn)
 D - a cursed +1 pair of gloves (worn)
Jewellery
 e - an amulet of regeneration (around neck)
Wands
 C - a wand of iceblast (10)
Scrolls
 f - a scroll of identify
 n - 3 scrolls of teleportation
 r - a scroll of magic mapping
 w - a scroll of fog
Potions
 c - a potion of lignification
 d - a potion of haste
 h - a potion of ambrosia
 i - a potion of might
 j - 3 potions of curing
 k - a potion of flight
 l - a potion of attraction
 p - 3 potions of heal wounds
 s - 2 potions of cancellation
 z - a potion of mutation {unknown}


   Skills:
 + Level 7.7(9.2) Dodging
 - Level 2.4(3.6) Stealth
 + Level 3.0 Spellcasting
 + Level 8.0 Ice Magic


You had 5 spell levels left.
You knew the following spells:

 Your Spells              Type           Power        Failure   Level
a - Freeze                Ice            100%         1%          1
b - Frozen Ramparts       Ice            76%          1%          3
c - Ozocubu's Armour      Ice            38%          1%          3

Your spell library contained the following spells:

 Spells                   Type           Power        Failure   Level
 Hailstorm                Conj/Ice       21%          24%         4
 Summon Ice Beast         Ice/Summ       21%          24%         4


Dungeon Overview and Level Annotations

Branches:
Dungeon (6/15)             Temple (0/1) D:4

Altars:
Ashenzari
Elyvilon
Fedhas
Ru
Vehumet
Zin

Shops:
D:5 [

Annotations:
D:6 Maggie


Message History

Casting: Freeze (safe; 1% risk of failure)
Confirm with . or Enter, or press ? or * to list all spells.
Aiming: Freeze (safe; 1% risk of failure)
Press: ? - help, Shift-Dir - straight line, f/p - Maggie
Aim: Maggie, wielding a +2 long sword of flaming and wearing +0 swamp dragon scales (heavily wounded, poisoned)
You freeze Maggie.
Maggie is severely wounded.
Maggie looks more healthy.
Casting: Freeze (safe; 1% risk of failure)
Confirm with . or Enter, or press ? or * to list all spells.
Aiming: Freeze (safe; 1% risk of failure)
Press: ? - help, Shift-Dir - straight line, f/p - Maggie
Aim: Maggie, wielding a +2 long sword of flaming and wearing +0 swamp dragon scales (severely wounded)
You freeze Maggie!
Maggie is almost dead.
The wall freezes Maggie.
Maggie points at you and mumbles some strange words.
The bolt of fire hits you!!
Ouch! That really hurt!
You die...

*,* *,,,,,,**,,,, *,*
*,,,,,,,,,,,, *,* *,,,,,,,,,,,,
*,* ****,,>,,,,,, *,* ****#
*,*,,,,,,,
*,******,,.#**,*,,,*,,,
*,,,,,,+,.?+,*,*,,,,,,,
##################...#,*,*,*,*,,,
................@@.(.#,*,,,,,,,,,
##################...#,*,***,*,,*
**#.#,*,,,<,*,,, *,#,*******,,*
*,*,* *,,, *,*,* **** *,*,* *,*,*
*,*,*


You could see Maggie.

Vanquished Creatures
  Edmund (D:5)
  2 ogres
  A scorpion (D:5)
  A bullfrog zombie (D:5)
  2 orc priests (D:5)
  2 hounds
  A bullfrog skeleton (D:5)
  3 orc wizards
  A worker ant (D:4)
  A worker ant zombie (D:5)
  Robin (D:3)
  3 adders
  A shadow imp (D:5)
  2 white imps (D:5)
  2 ufetubi
  An ooze (D:2)
  An adder skeleton (D:5)
  2 worms
  A dart slug (D:2)
  4 leopard geckos
  11 orcs
  A ball python (D:2)
  2 giant cockroaches
  17 goblins
  9 hobgoblins
  3 jackals (D:3)
  5 kobolds (D:1)
  4 quokkas
  A ball python skeleton (D:4)
  10 bats
  A frilled lizard (D:1)
  A giant cockroach zombie (D:5)
  9 rats
107 creatures vanquished.

Notes
Turn   | Place    | Note
-------+----------+-------------------------------------------
     0 | D:1      | buriedalive the Deep Elf Ice Elementalist began the quest
                  | for the Orb.
     0 | D:1      | Reached XP level 1. HP: 10/10 MP: 6/6
   344 | D:1      | Reached XP level 2. HP: 6/15 MP: 4/8
  1072 | D:1      | Found a broken altar of Ashenzari.
  1090 | D:1      | Became a worshipper of Ashenzari the Shackled
  1561 | D:2      | Found a sacrificial altar of Ru.
  1573 | D:2      | Reached skill level 5 in Ice Magic
  1573 | D:2      | Reached XP level 3. HP: 19/19 MP: 6/9
  2027 | D:2      | Reached XP level 4. HP: 24/24 MP: 10/10
  2052 | D:2      | Found a blossoming altar of Fedhas.
  2135 | D:2      | Found a radiant altar of Vehumet.
  2670 | D:3      | Noticed Robin
  2701 | D:3      | Killed Robin
  3574 | D:2      | Learned a level 3 spell: Frozen Ramparts
  3578 | D:2      | Learned a level 3 spell: Ozocubu's Armour
  3861 | D:3      | Reached XP level 5. HP: 26/28 MP: 6/11
  4113 | D:4      | Found a staircase to the Ecumenical Temple.
  4638 | D:4      | Reached skill level 5 in Dodging
  4638 | D:4      | Reached skill level 6 in Ice Magic
  4669 | D:4      | Noticed an ogre
  4674 | D:4      | Killed an ogre
  4675 | D:4      | Reached XP level 6. HP: 32/32 MP: 4/12
  5045 | D:4      | Found a glowing silver altar of Zin.
  5095 | D:4      | Reached * piety under Ashenzari
  5182 | D:4      | Found a white marble altar of Elyvilon.
  5561 | D:5      | Entered Level 5 of the Dungeon
  5656 | D:5      | Reached skill level 7 in Ice Magic
  6038 | D:5      | Reached XP level 7. HP: 36/36 MP: 6/13
  6531 | D:5      | Noticed Edmund
  6594 | D:5      | Killed Edmund
  6595 | D:5      | Reached skill level 8 in Ice Magic
  6663 | D:5      | Found Gifolirph's Armour Emporium.
  7064 | D:6      | Reached ** piety under Ashenzari
  7105 | D:6      | Noticed Maggie
  7113 | D:6      | Killed from afar by Maggie

Illustrated notes

Levels and vault maps discovered:
D:1:      dpeg_arrival_yet_another_circle, layout_basic, serial_bayou_pond_c,
          evilmike_ruin_ashenzari
D:2:      layout_basic, vehumet_crystals, nicolae_ru_great_annihilating_truth,
          fedhas_altar_4
D:3:      layout_rooms, uniq_robin
D:4:      layout_loops_ring, nicolae_overflow_hidden_temple, elyvilon_altar_3,
          minmay_temple_entry_sparse_star, minmay_goblin_outpost
D:5:      layout_gridville, serial_shops, nicolae_shop_stone, uniq_edmund
D:6:      layout_basic, uniq_maggie

Skill      XL: |  1  2  3  4  5  6  7 |
---------------+----------------------+-----
Dodging        | 3 4 5 6 7 |  7.7
Ice Magic      | 5 6 7 8 |  8.0
Stealth        | |  2.4
Spellcasting   | |  3.0

Action                   |  1- 3 |  4- 6 |  7- 9 || total
-------------------------+-------+-------+-------++-------
Melee: Short sword       |    13 |       |       ||    13
       Unarmed           |     1 |       |       ||     1
       Dagger            |    34 |   152 |   106 ||   292
       Whip              |     3 |       |       ||     3
Throw: Stone             |       |    11 |       ||    11
       Dart              |       |       |     2 ||     2
 Cast: Freeze            |    23 |    36 |     8 ||    67
       Frozen Ramparts   |       |     6 |     7 ||    13
       Ozocubu's Armour  |       |     6 |     2 ||     8
Invok: Curse Item        |       |     1 |     3 ||     4
Evoke: Wand              |       |       |     1 ||     1
  Use: Scroll            |     2 |     7 |     5 ||    14
       Potion            |       |       |     3 ||     3
 Stab: Sleeping          |     7 |     3 |     2 ||    12
       Paralysed         |     1 |       |       ||     1
Armor: Robe              |    14 |    33 |    35 ||    82
Dodge: Dodged            |    67 |   141 |    94 ||   302
